 Dungeon Crawl Stone Soup version 0.25-a0-869-g05d4e06a41 (webtiles) character file.

Game seed: 10960271684955381425, levelgen mode: deterministic

33585 gruber the Martial Artist (level 13, -6/120 HPs)
             Began as a Gnoll Transmuter on Apr 30, 2020.
             Was the Champion of Okawaru.
             Mangled by a spiny frog (9 damage)
             ... on level 4 of the Lair of Beasts.
             The game lasted 00:33:45 (18806 turns).

gruber the Martial Artist (Gnoll Transmuter)       Turns: 18806, Time: 00:33:46

Health: -6/120     AC:  8    Str: 13    XL:     13   Next: 71%
Magic:  21/26      EV: 28    Int: 26    God:    Okawaru [******]
Gold:   1029       SH:  0    Dex: 16    Spells: 21/31 levels left

rFire    x . .     SeeInvis .     - Unarmed
rCold    + + +     Gourm    .   (shield currently unavailable)
rNeg     . . .     Faith    .   (armour currently unavailable)
rPois    +         Spirit   .   (helmet currently unavailable)
rElec    .         Reflect  .   (cloak currently unavailable)
rCorr    .         Harm     .   (gloves currently unavailable)
MR       .....                  (boots currently unavailable)
Stlth    +++++.....             (no amulet)
HPRegen  0.30/turn              G - ring of Phasing {EV+8}
MPRegen  0.20/turn              J - +6 ring of intelligence

@: ice-form, heroism
A: large, distributed training, strong nose
a: End Transformation, Heroism, Finesse, Renounce Religion


You were on level 4 of the Lair of Beasts.
You worshipped Okawaru.
Okawaru was exalted by your worship.
You were very hungry.
You were a creature of crystalline ice.
You visited 3 branches of the dungeon, and saw 18 of its levels.

You collected 1095 gold pieces.
You spent 66 gold pieces at shops.

Inventory:

Missiles
 a - 239 arrows
 r - 39 poisoned darts (quivered)
 U - 2 curare-tipped darts
Armour
 j - a cursed +0 cloak (melded)
 q - the +2 scale mail of Vuluplun {*Slow Regen+ Str+10 Dex-2}
   (You found it on level 4 of the Dungeon)

   It affects your strength (+10).
   It affects your dexterity (-2).
   It increases your rate of regeneration.
   It may slow you when you take damage.
 u - a +0 helmet (melded)
 Q - a +2 robe of magic resistance (melded)
Jewellery
 h - an uncursed ring of positive energy
 y - an uncursed ring of protection from cold
 G - the ring of Phasing (left front paw) {EV+8}
   (You found it on level 3 of the Lair of Beasts)

   [ring of evasion]

   It affects your evasion (+8).
 J - a +6 ring of intelligence (right front paw)
 N - an uncursed ring of protection from fire
 R - an uncursed ring of see invisible
Wands
 C - a wand of iceblast (2)
 H - a wand of polymorph (8)
 P - a wand of flame (15)
 S - a wand of enslavement (8)
 T - a wand of disintegration (9)
Scrolls
 b - a scroll of torment {unknown}
 e - 7 scrolls of amnesia {unknown}
 f - 7 scrolls of identify
 i - 2 scrolls of enchant armour {unknown}
 k - 8 scrolls of teleportation {unknown}
 m - 2 scrolls of blinking {unknown}
 o - 6 scrolls of magic mapping {unknown}
 p - 6 scrolls of fear {unknown}
 s - 4 scrolls of noise {unknown}
 t - 12 scrolls of remove curse {unknown}
 w - 2 scrolls of random uselessness {unknown}
 x - 3 scrolls of enchant weapon {unknown}
 D - a scroll of holy word {unknown}
 F - 2 scrolls of vulnerability {unknown}
 K - a scroll of immolation {unknown}
 O - a scroll of brand weapon {unknown}
 Y - a scroll of acquirement {unknown}
 Z - a scroll of fog {unknown}
Potions
 c - 2 potions of haste
 g - 2 potions of heal wounds
 l - 3 potions of resistance
 n - a potion of stabbing
 v - 4 potions of berserk rage
 z - a potion of curing
 A - a potion of might
 B - 2 potions of invisibility
 E - a potion of ambrosia
 I - 2 potions of brilliance
 L - 3 potions of cancellation
 M - 2 potions of mutation
 V - 2 potions of lignification
Comestibles
 d - 37 rations


   Skills:
 + Level 8.8(13.8) Fighting
 + Level 8.4(13.4) Short Blades
 + Level 8.4(13.4) Long Blades
 + Level 8.4(13.4) Axes
 + Level 8.4(13.4) Maces & Flails
 + Level 8.4(13.4) Polearms
 + Level 8.4(13.4) Staves
 + Level 8.4(13.4) Slings
 + Level 8.4(13.4) Bows
 + Level 8.4(13.4) Crossbows
 + Level 8.4(13.4) Throwing
 + Level 8.4(13.4) Armour
 + Level 9.6(14.6) Dodging
 + Level 8.4(13.4) Stealth
 + Level 8.4(13.4) Shields
 + Level 10.6(15.6) Unarmed Combat
 + Level 9.8 Spellcasting
 + Level 7.0 Conjurations
 + Level 7.0 Hexes
 + Level 7.0 Charms
 + Level 7.0 Summonings
 + Level 7.0 Necromancy
 + Level 7.0 Translocations
 + Level 8.0 Transmutations
 + Level 7.0 Fire Magic
 + Level 7.0 Ice Magic
 + Level 7.0 Air Magic
 + Level 7.0 Earth Magic
 + Level 7.0 Poison Magic
 + Level 9.2 Invocations
 + Level 8.4 Evocations


You had 21 spell levels left.
You knew the following spells:

 Your Spells              Type           Power        Failure   Level  Hunger
a - Beastly Appendage     Tmut           ######       1%          1    None
b - Sticks to Snakes      Tmut           ######..     1%          2    None
c - Spider Form           Tmut/Pois      ######....   1%          3    None
d - Ice Form              Ice/Tmut       ######..     1%          4    None

Your spell library contained the following spells:

 Spells                   Type           Power        Failure   Level  Hunger
 Apportation              Tloc           #####.       1%          1    None
 Corona                   Hex            #####..      1%          1    None
 Infusion                 Chrm           ####         1%          1    None
 Shock                    Conj/Air       ####         1%          1    None
 Ensorcelled Hibernation  Hex/Ice        #####.       1%          2    None
 Shroud of Golubria       Chrm/Tloc      #####.       1%          2    None
 Song of Slaying          Chrm           #####...     1%          2    None
 Swiftness                Chrm/Air       #####...     1%          2    None
 Confusing Touch          Hex            #####...     1%          3    None
 Dazzling Flash           Conj/Hex       #####.       1%          3    None
 Ozocubu's Armour         Chrm/Ice       #####...     1%          3    None
 Spectral Weapon          Hex/Chrm       #####...     1%          3    None
 Static Discharge         Conj/Air       #####...     1%          3    None
 Tukima's Dance           Hex            #####...     1%          3    None
 Airstrike                Air            #####.....   2%          4    None
 Passage of Golubria      Tloc           N/A          2%          4    None
 Summon Lightning Spire   Summ/Air       #####...     2%          4    None
 Blade Hands              Tmut           ######....   4%          5    ####...
 Lightning Bolt           Conj/Air       #####.....   8%          5    ####...
 Silence                  Hex/Air        #####.....   8%          5    ####...
 Conjure Ball Lightning   Conj/Air       #####.....   38%         6    #####..
 Dispersal                Tloc           #####.....   38%         6    #####..
 Shatter                  Erth           #####.....   100%        9    #######
 Tornado                  Air            #####.....   100%        9    #######


Dungeon Overview and Level Annotations

Branches:
Dungeon (13/15)            Temple (1/1) D:6            Lair (4/6) D:9
  Snake (0/4) Lair:3          Orc (0/2) D:10
  Swamp: Lair:2-4    Shoals: Lair:2-4    Vaults: D:13-14

Altars:
Ashenzari
Cheibriados
Dithmenos
Elyvilon
Fedhas
Gozag
Hepliaklqana
Nemelex Xobeh
Okawaru
Qazlal
Ru
Sif Muna
Trog
Uskayaw
Vehumet
Wu Jian
Xom
Zin
The Shining One

Shops:
D:8 *

Annotations:
D:6 2 runed translucent doors, WasteTime4's ghost, novice OpCj
D:12 1 runed translucent door
Lair:4 Cobof's ghost, journeyman OpVM


Innate Abilities, Weirdness & Mutations

Your experience applies equally to all skills.
((You have very sharp teeth.))
Your uncanny sense of smell can sniff out nearby items.


Message History

The yak is heavily wounded.
You barely miss the yak.
The yak is heavily wounded.
A blink frog comes into view.
The yak gores you.
* * * LOW HITPOINT WARNING * * *
The spiny frog completely misses you.
The blink frog gives a loud, deep croak!
You hit the yak but do no damage.
The yak is heavily wounded.
The blink frog blinks!
The yak gores you.
* * * LOW HITPOINT WARNING * * *
You completely miss the yak.
The yak is heavily wounded.
The spiny frog completely misses you.
You pummel the yak!! You freeze the yak.
You kill the yak!
Okawaru accepts your kill. The spiny frog stings you!
You die...

.....#.......YPc. #
..P....#F##....Y. #.
..##.Y.# ..YP. #..
#..### Y..F #... ###lc.#
..P #.P..###Y.#.## .P
#...FP##)###.# .
#......(#)#.######
#.P....#Y#†#...⌠.## ∆
#.#..##.†F........# ∆
#..........#.⌠.>.⌠# ∆
#.....###.#.......#
######.<...########....#
#.##........## ##...##
P..#.........# ##.....##
# #.###........#
##...⌠...##
#.#.###........#
#.........##


You could see a spiny frog and a blink frog.

Vanquished Creatures
  Rupert (Lair:3)
  Erolcha (D:10)
  3 vault guards (D:13)
  3 hydras
  A two-headed ogre (D:12)
  A centaur warrior (D:13)
  Urug (Lair:3)
  A fire crab (Lair:4)
  Pikel (D:8)
  An orc sorcerer (D:10)
  2 ugly things
  A manticore (D:11)
  2 cyclopes
  An elephant (D:9)
  3 black mambas
  A gargoyle (D:12)
  9 spiny frogs
  A rime drake (Lair:1)
  4 komodo dragons
  2 trolls (D:13)
  A dream sheep (Lair:4)
  7 blink frogs
  8 hippogriffs
  2 slime creatures (D:13)
  Sigmund (D:3)
  A spriggan (D:10)
  3 wyverns
  A basilisk (D:9)
  20 yaks
  A hungry ghost (D:12)
  A soldier ant (D:12)
  9 water moccasins
  6 porcupines
  A sky beast (D:12)
  3 black bears
  5 phantoms
  2 ice beasts
  An eye of draining (D:11)
  A wolf (Lair:4)
  3 ogres
  7 centaurs
  5 crocodiles
  A big kobold (D:10)
  13 bullfrogs
  A wyvern zombie (D:9)
  7 scorpions
  15 killer bees
  15 wights
  7 crimson imps
  2 quasits
  A bullfrog zombie (D:9)
  2 jellies
  3 centaur zombies
  3 orc priests
  2 hounds
  A bullfrog skeleton (D:5)
  4 orc wizards
  8 iguanas
  9 worker ants
  6 ogre zombies (D:10)
  A hound skeleton (D:4)
  A howler monkey skeleton (D:6)
  14 adders
  3 shadow imps
  An ooze (D:7)
  2 adder zombies (D:9)
  5 worms
  2 dart slugs
  6 leopard geckos
  30 orcs
  3 ball pythons
  3 giant cockroaches
  7 goblins (D:1)
  7 hobgoblins
  13 jackals
  A quokka (D:5)
  10 bats
  4 frilled lizards
  6 goblin zombies (D:10)
  2 hobgoblin skeletons (D:10)
  3 hobgoblin zombies (D:10)
  A jackal skeleton (D:5)
  13 kobolds
  3 orc skeletons (D:10)
  11 orc zombies (D:10)
  A quokka skeleton (D:9)
  A quokka zombie (D:8)
  10 rats
393 creatures vanquished.

Vanquished Creatures (collateral kills)
  A vault guard (D:13)
  A black mamba (Lair:3)
  A slime creature (D:13)
  A blink frog (Lair:3)
  2 yaks (Lair:3)
  A wraith (D:13)
  A hungry ghost (D:11)
  2 ogre zombies (D:10)
  2 orcs (D:12)
  A quokka (D:12)
  A fungus (Lair:3)
14 creatures vanquished.

Vanquished Creatures (others)
  A fungus (Lair:3)
  A plant (Lair:3)
2 creatures vanquished.

Grand Total: 409 creatures vanquished

Notes
Turn   | Place    | Note
-------+----------+-------------------------------------------
     0 | D:1      | gruber the Gnoll Transmuter began the quest for the Orb.
     0 | D:1      | Reached XP level 1. HP: 17/17 MP: 6/6
   148 | D:1      | Reached XP level 2. HP: 15/23 MP: 7/7
   152 | D:1      | Learned a level 2 spell: Sticks to Snakes
   646 | D:1      | Reached XP level 3. HP: 28/28 MP: 9/9
   651 | D:1      | Learned a level 3 spell: Spider Form
   843 | D:1      | Reached skill level 5 in Spellcasting
  1120 | D:2      | Reached skill level 1 in Invocations
  1341 | D:2      | Reached skill level 1 in Short Blades
  1341 | D:2      | Reached skill level 1 in Long Blades
  1341 | D:2      | Reached skill level 1 in Axes
  1341 | D:2      | Reached skill level 1 in Maces & Flails
  1341 | D:2      | Reached skill level 1 in Polearms
  1341 | D:2      | Reached skill level 1 in Staves
  1341 | D:2      | Reached skill level 1 in Slings
  1341 | D:2      | Reached skill level 1 in Bows
  1341 | D:2      | Reached skill level 1 in Crossbows
  1341 | D:2      | Reached skill level 1 in Throwing
  1341 | D:2      | Reached skill level 1 in Armour
  1341 | D:2      | Reached skill level 1 in Stealth
  1341 | D:2      | Reached skill level 1 in Shields
  1341 | D:2      | Reached skill level 1 in Evocations
  1413 | D:2      | Reached XP level 4. HP: 29/34 MP: 9/11
  1784 | D:3      | Noticed Sigmund
  1829 | D:3      | Found an opulent altar of Gozag.
  1940 | D:3      | Killed Sigmund
  1940 | D:3      | Reached skill level 1 in Conjurations
  1940 | D:3      | Reached skill level 1 in Hexes
  1940 | D:3      | Reached skill level 1 in Charms
  1940 | D:3      | Reached skill level 1 in Summonings
  1940 | D:3      | Reached skill level 1 in Necromancy
  1940 | D:3      | Reached skill level 1 in Translocations
  1940 | D:3      | Reached skill level 1 in Fire Magic
  1940 | D:3      | Reached skill level 1 in Ice Magic
  1940 | D:3      | Reached skill level 1 in Air Magic
  1940 | D:3      | Reached skill level 1 in Earth Magic
  1940 | D:3      | Reached skill level 1 in Poison Magic
  1940 | D:3      | Reached XP level 5. HP: 41/41 MP: 9/12
  1940 | D:3      | Reached XP level 6. HP: 47/47 MP: 9/13
  2313 | D:3      | Found a stormy altar of Qazlal.
  2686 | D:4      | Reached skill level 5 in Dodging
  2828 | D:4      | Got a brightly glowing scale mail
  2843 | D:4      | Reached XP level 7. HP: 49/52 MP: 11/15
  2851 | D:4      | Learned a level 4 spell: Ice Form
  3059 | D:4      | Reached skill level 7 in Unarmed Combat
  3165 | D:4      | Found a shimmering blue altar of Sif Muna.
  3461 | D:5      | Entered Level 5 of the Dungeon
  3777 | D:5      | Found a bloodstained altar of Trog.
  3999 | D:5      | Reached XP level 8. HP: 48/60 MP: 11/16
  4336 | D:5      | Found a sparkling altar of Nemelex Xobeh.
  4556 | D:6      | Found a snail-covered altar of Cheibriados.
  4815 | D:6      | Found a snail-covered altar of Cheibriados.
  5183 | D:6      | Found a staircase to the Ecumenical Temple.
  5265 | D:6      | Identified the +2 scale mail of Vuluplun {*Slow Regen+
                  | Str+10 Dex-2} (You found it on level 4 of the Dungeon)
  5438 | D:6      | Found a large runed translucent door.
  5438 | D:6      | Found a large runed translucent door.
  5440 | D:6      | Noticed WasteTime4's ghost (novice OpCj)
  5848 | D:7      | Reached XP level 9. HP: 66/66 MP: 14/18
  5860 | D:7      | Reached skill level 5 in Transmutations
  5952 | Temple   | Entered the Ecumenical Temple
  6109 | Temple   | Became a worshipper of Warmaster Okawaru
  6316 | D:7      | Found a glowing silver altar of Zin.
  6567 | D:7      | Found an ornate altar of the Wu Jian Council.
  7207 | D:8      | Reached skill level 5 in Fighting
  7498 | D:8      | Reached * piety under Okawaru
  7498 | D:8      | Reached skill level 8 in Unarmed Combat
  7697 | D:8      | Noticed Pikel
  7718 | D:8      | Killed Pikel
  7718 | D:8      | Reached ** piety under Okawaru
  7718 | D:8      | Reached skill level 5 in Invocations
  7718 | D:8      | Reached XP level 10. HP: 54/74 MP: 20/20
  7831 | D:8      | Found Viece's General Store.
  7838 | D:8      | Bought a scroll of identify for 22 gold pieces
  7838 | D:8      | Bought a scroll of identify for 22 gold pieces
  7838 | D:8      | Bought a scroll of identify for 22 gold pieces
  8238 | D:9      | Found a staircase to the Lair.
  8238 | D:9      | Noticed an elephant
  8275 | D:9      | Killed an elephant
  8275 | D:9      | Reached skill level 5 in Short Blades
  8275 | D:9      | Reached skill level 5 in Long Blades
  8275 | D:9      | Reached skill level 5 in Axes
  8275 | D:9      | Reached skill level 5 in Maces & Flails
  8275 | D:9      | Reached skill level 5 in Polearms
  8275 | D:9      | Reached skill level 5 in Staves
  8275 | D:9      | Reached skill level 5 in Slings
  8275 | D:9      | Reached skill level 5 in Bows
  8275 | D:9      | Reached skill level 5 in Crossbows
  8275 | D:9      | Reached skill level 5 in Throwing
  8275 | D:9      | Reached skill level 5 in Armour
  8275 | D:9      | Reached skill level 5 in Stealth
  8275 | D:9      | Reached skill level 5 in Shields
  8275 | D:9      | Reached skill level 5 in Evocations
  8306 | D:9      | Reached *** piety under Okawaru
  9124 | D:10     | Entered Level 10 of the Dungeon
  9173 | D:10     | Found a staircase to the Orcish Mines.
  9174 | D:10     | Noticed an orc sorcerer
  9452 | D:10     | Noticed Erolcha
  9469 | D:10     | Killed Erolcha
  9469 | D:10     | Reached **** piety under Okawaru
  9836 | D:10     | Identified the Grimoire of Ashen Displacement
 10266 | D:10     | Killed an orc sorcerer
 10323 | D:10     | Reached XP level 11. HP: 76/82 MP: 15/22
 10560 | D:11     | Noticed a purple ugly thing
 10568 | D:11     | Killed a purple ugly thing
 10585 | D:11     | Reached ***** piety under Okawaru
 10695 | D:11     | Found an iron altar of Okawaru.
 10726 | D:11     | Noticed a manticore
 10746 | D:11     | Killed a manticore
 10746 | D:11     | Reached skill level 9 in Unarmed Combat
 11304 | D:11     | Noticed a cyclops
 11321 | D:11     | Killed a cyclops
 11321 | D:11     | Reached skill level 5 in Conjurations
 11321 | D:11     | Reached skill level 5 in Hexes
 11321 | D:11     | Reached skill level 5 in Charms
 11321 | D:11     | Reached skill level 5 in Summonings
 11321 | D:11     | Reached skill level 5 in Necromancy
 11321 | D:11     | Reached skill level 5 in Translocations
 11321 | D:11     | Reached skill level 5 in Fire Magic
 11321 | D:11     | Reached skill level 5 in Ice Magic
 11321 | D:11     | Reached skill level 5 in Air Magic
 11321 | D:11     | Reached skill level 5 in Earth Magic
 11321 | D:11     | Reached skill level 5 in Poison Magic
 11608 | D:12     | Received a gift from Okawaru
 11614 | D:12     | Noticed a cyan ugly thing
 11628 | D:12     | Killed a cyan ugly thing
 12082 | D:12     | Noticed a two-headed ogre
 12089 | D:12     | Killed a two-headed ogre
 12089 | D:12     | Received a gift from Okawaru
 12387 | D:12     | Noticed a lindwurm
 12388 | D:12     | Found a runed translucent door.
 12388 | D:12     | Noticed a stone giant
 12388 | D:12     | Noticed a fire giant
 12391 | D:12     | a lindwurm changed into a tarantella
 12600 | D:13     | Noticed a cyclops
 12613 | D:13     | Killed a cyclops
 12843 | D:13     | Noticed a vault guard
 12843 | D:13     | Noticed a vault guard
 12848 | D:13     | Noticed a vault guard
 12848 | D:13     | Noticed a vault guard
 12849 | D:13     | Noticed a vault guard
 12909 | D:13     | Killed a vault guard
 12948 | D:13     | Killed a vault guard
 12948 | D:13     | Received a gift from Okawaru
 13289 | D:13     | Noticed a centaur warrior
 13425 | D:13     | Killed a centaur warrior
 13425 | D:13     | Reached XP level 12. HP: 69/91 MP: 18/24
 14024 | D:13     | Killed a vault guard
 14414 | D:13     | Killed a vault guard
 14451 | D:13     | Noticed a vault guard
 14512 | D:13     | Noticed a vault guard
 14769 | Lair:1   | Entered Level 1 of the Lair of Beasts
 14932 | Lair:1   | Received a gift from Okawaru
 16181 | Lair:2   | Received a gift from Okawaru
 16612 | Lair:3   | Noticed Urug
 16612 | Lair:3   | Noticed a six-headed hydra
 16644 | Lair:3   | Killed a six-headed hydra
 16644 | Lair:3   | Reached skill level 10 in Unarmed Combat
 16664 | Lair:3   | Killed Urug
 16664 | Lair:3   | Received a gift from Okawaru
 16909 | Lair:3   | Found a staircase to the Snake Pit.
 16920 | Lair:3   | HP: 3/110 [black mamba (9)]
 17330 | Lair:3   | Noticed Rupert
 17339 | Lair:3   | Received a gift from Okawaru
 17339 | Lair:3   | Reached XP level 13. HP: 98/98 MP: 16/26
 17376 | Lair:3   | Killed Rupert
 17388 | Lair:3   | Reached ****** piety under Okawaru
 17747 | Lair:3   | Found the ring of Phasing {EV+8}
 17990 | Lair:3   | Received a gift from Okawaru
 18350 | Lair:4   | Noticed Cobof's ghost (journeyman OpVM)
 18352 | Lair:4   | Noticed a minotaur
 18373 | Lair:4   | Received a gift from Okawaru
 18741 | Lair:4   | Received a gift from Okawaru
 18804 | Lair:4   | HP: 3/120 [yak (5)]
 18806 | Lair:4   | Mangled by a spiny frog

Levels and vault maps discovered:
D:1:      enne_arrival_octagon_isle, layout_basic
D:2:      minmay_skewed_foursquare, layout_basic
D:3:      layout_loops_ring, nicolae_overflow_crystal_walls, st_stairs_12,
          grunt_qazlal_sundering, uniq_sigmund
D:4:      layout_loops_cross, led_sif_pool, cheibrodos_sewer_entry_bend,
          first_ration
D:5:      layout_rooms, lemuel_round_altar, kennysheep_mini,
          kennysheep_generic_room_3
D:6:      layout_layer_cave, cheibrodos_worm_habitat,
          minmay_temple_entry_drinking_statues, ebering_ghost_disaster_area,
          basic_altar, chequers_serial_rivers_small_3
D:7:      layout_loops_cross, kennysheep_mini_moat, lemuel_round_altar
D:8:      layout_cave_pools, serial_shops, shop, uniq_pikel
D:9:      layout_small_grid, david_lair_generic
D:10:     layout_long_grid, zombieorc2_lemuel, the_bakery, uniq_erolcha
D:11:     layout_loops_cross, kennysheep_diamond
D:12:     layout_basic, kennysheep_treasure_room
D:13:     layout_stronghold, erik_vaults_2
Temple:   regret_index_temple_generic_petals
Lair:1:   layout_cave_shapes, serial_bayou_shore_b, grunt_megastairs_1
Lair:2:   layout_regular_city
Lair:3:   layout_hall_layers, minmay_snake_entry_six_corridors,
          lemuel_fruit_tree, uniq_rupert, uniq_urug
Lair:4:   layout_loops_ring, minmay_shoals_entry_centaurs,
          maelrawn_ghost_gauntlet_escape, hangedman_lair_generics_rect,
          grunt_megastairs_3

Skill      XL: |  1  2  3  4  5  6  7  8  9 10 11 12 13 |
---------------+----------------------------------------+-----
Spellcasting   | 5 6 7 8 9 |  9.8
Invocations    | 1 2 3 4 5 6 7 8 9 |  9.2
Short Blades   | 1 2 3 4 5 6 7 8 |  8.4
Long Blades    | 1 2 3 4 5 6 7 8 |  8.4
Axes           | 1 2 3 4 5 6 7 8 |  8.4
Maces & Flails | 1 2 3 4 5 6 7 8 |  8.4
Polearms       | 1 2 3 4 5 6 7 8 |  8.4
Staves         | 1 2 3 4 5 6 7 8 |  8.4
Slings         | 1 2 3 4 5 6 7 8 |  8.4
Bows           | 1 2 3 4 5 6 7 8 |  8.4
Crossbows      | 1 2 3 4 5 6 7 8 |  8.4
Throwing       | 1 2 3 4 5 6 7 8 |  8.4
Armour         | 1 2 3 4 5 6 7 8 |  8.4
Stealth        | 1 2 3 4 5 6 7 8 |  8.4
Shields        | 1 2 3 4 5 6 7 8 |  8.4
Evocations     | 1 2 3 4 5 6 7 8 |  8.4
Fighting       | 3 4 5 6 7 8 |  8.8
Conjurations   | 1 2 3 4 5 6 7 |  7.0
Hexes          | 1 2 3 4 5 6 7 |  7.0
Charms         | 1 2 3 4 5 6 7 |  7.0
Summonings     | 1 2 3 4 5 6 7 |  7.0
Necromancy     | 1 2 3 4 5 6 7 |  7.0
Translocations | 1 2 3 4 5 6 7 |  7.0
Transmutations | 4 5 6 7 8 |  8.0
Fire Magic     | 1 2 3 4 5 6 7 |  7.0
Ice Magic      | 1 2 3 4 5 6 7 |  7.0
Air Magic      | 1 2 3 4 5 6 7 |  7.0
Earth Magic    | 1 2 3 4 5 6 7 |  7.0
Poison Magic   | 1 2 3 4 5 6 7 |  7.0
Dodging        | 5 6 7 8 9 |  9.6
Unarmed Combat | 7 8 9 10 | 10.6

Action                   |  1- 3 |  4- 6 |  7- 9 | 10-12 | 13-15 || total
-------------------------+-------+-------+-------+-------+-------++-------
Melee: Unarmed           |    96 |    71 |   308 |   679 |   179 ||  1333
       Headbutt          |     7 |       |       |       |       ||     7
       Kick              |     8 |     1 |       |     9 |       ||    18
       Bite              |     4 |     2 |     6 |    11 |       ||    23
       Punch             |     1 |     1 |     1 |     2 |       ||     5
Throw: Dart              |       |       |       |    39 |     1 ||    40
 Cast: Beastly Appendage |    16 |     1 |       |     6 |       ||    23
       Spider Form       |       |    12 |    22 |    36 |     3 ||    73
       Ice Form          |       |       |    18 |    25 |     5 ||    48
       Sticks to Snakes  |       |       |       |    74 |     4 ||    78
Invok: Heroism           |       |       |       |     4 |     5 ||     9
       Finesse           |       |       |       |       |     1 ||     1
 Abil: End Transformatio |       |       |       |     2 |       ||     2
Evoke: Wand              |       |       |       |     8 |     3 ||    11
  Use: Scroll            |       |       |     1 |    14 |       ||    15
       Potion            |       |       |     1 |     3 |       ||     4
 Stab: Sleeping          |     3 |     3 |    11 |    15 |     3 ||    35
       Distracted        |       |       |       |     6 |     2 ||     8
       Confused          |       |       |       |     1 |       ||     1
  Eat: Chunk             |     1 |     6 |    13 |    25 |     4 ||    49
       Ration            |       |       |     2 |     2 |       ||     4
Armor: Robe              |    18 |     2 |     5 |    13 |       ||    38
       Skin              |       |     1 |    44 |    43 |     9 ||    97
Dodge: Dodged            |    81 |    55 |   263 |   503 |   159 ||  1061

Table legend:
 A = Non-vault XP
 B = Vault XP
 C = Vault XP percentage of total XP
 D = Non-vault monster count
 E = Vault monster count
 F = Vault count percentage of total count
                 A         B        C        D         E       F
            +---------+---------+-------+---------+---------+-------
      Total |   31321 |   16658 |  34.7 |     318 |      88 |  21.7
            +---------+---------+-------+---------+---------+-------
        D:1 |      45 |       0 |   0.0 |      29 |       0 |   0.0
        D:2 |      26 |      16 |  38.1 |      10 |       8 |  44.4
        D:3 |      70 |     235 |  77.0 |      13 |       3 |  18.8
        D:4 |     398 |       5 |   1.2 |      16 |       1 |   5.9
        D:5 |     753 |       0 |   0.0 |      21 |       0 |   0.0
        D:6 |     795 |       5 |   0.6 |      21 |       1 |   4.5
        D:7 |     767 |       0 |   0.0 |      16 |       0 |   0.0
        D:8 |    1044 |     629 |  37.6 |      23 |       1 |   4.2
        D:9 |     963 |     959 |  49.9 |      18 |       4 |  18.2
       D:10 |     372 |    2246 |  85.8 |      11 |      38 |  77.6
       D:11 |    2322 |     232 |   9.1 |      17 |       2 |  10.5
       D:12 |    3464 |       0 |   0.0 |      29 |       0 |   0.0
       D:13 |    3574 |    3247 |  47.6 |      26 |       4 |  13.3
     Lair:1 |    2590 |     103 |   3.8 |      10 |       1 |   9.1
     Lair:2 |    3518 |       0 |   0.0 |      17 |       0 |   0.0
     Lair:3 |    5009 |    4921 |  49.6 |      19 |      12 |  38.7
     Lair:4 |    5611 |    4060 |  42.0 |      22 |      13 |  37.1
            +---------+---------+-------+---------+---------+-------
